 Dungeon Crawl Stone Soup version 0.26-a0-851-g735459dd53 (webtiles) character file.

Game seed: 7618543270446753005

5977 LabCoat the Cleaver (level 10, 0/129 HPs)
             Began as a Hill Orc Fighter on Nov 21, 2020.
             Was a Believer of Trog.
             Slain by Sonja
             ... wielding a +2 short sword of draining
              (1 damage)
             ... on level 1 of the Lair of Beasts.
             The game lasted 00:27:46 (10077 turns).

LabCoat the Cleaver (Hill Orc Fighter)             Turns: 10077, Time: 00:27:48

Health: 0/129      AC: 16    Str: 23    XL:     10   Next: 84%
Magic:  10/10      EV:  4    Int:  8    God:    Trog [**....]
Gold:   644        SH:  9    Dex: 10    Spells: 9/9 levels left

rFire    . . .     SeeInvis .   a - +0 war axe
rCold    . . .     Faith    .   c - +0 kite shield
rNeg     + . .     Spirit   .   m - +0 plate armour
rPois    .         Reflect  .   b - +0 helmet
rElec    .         Harm     .   z - +0 cloak
rCorr    .         Rampage  .   d - +1 pair of gloves
MR       .....                  (no boots)
Stlth    ..........             (no amulet)
HPRegen  0.31/turn              r - ring of positive energy
MPRegen  0.12/turn              s - ring of flight

@: berserking, lethally poisoned (0 -> -7), slowed, very heavily drained
A: no striking features
a: Berserk, Trog's Hand, Renounce Religion, Evoke Flight


You were on level 1 of the Lair of Beasts.
You worshipped Trog.
Trog was pleased with you.
You visited 3 branches of the dungeon, and saw 11 of its levels.

You collected 644 gold pieces.

Inventory:

Hand Weapons
 a - a +0 war axe (weapon)
 y - a +0 flail
Missiles
 g - 12 poisoned darts
 o - 5 javelins (quivered)
 t - 5 boomerangs
Armour
 b - a +0 helmet (worn)
 c - a +0 kite shield (worn)
 d - a +1 pair of gloves (worn)
 m - a +0 plate armour (worn)
 z - a +0 cloak (worn)
Jewellery
 r - a ring of positive energy (left hand)
 s - a ring of flight (right hand)
 v - an uncursed ring of protection from fire
Wands
 p - a wand of flame (19)
 B - a wand of digging (7)
 E - a wand of disintegration (17)
 F - a wand of iceblast (6)
Scrolls
 e - 2 scrolls of fog
 h - 7 scrolls of teleportation
 i - a scroll of silence {unknown}
 j - a scroll of remove curse
 u - a scroll of fear
 x - a scroll of random uselessness {unknown}
 C - a scroll of immolation
 D - a scroll of acquirement {unknown}
 G - a scroll of enchant armour {unknown}
Potions
 f - 2 potions of attraction
 k - 2 potions of flight
 l - 3 potions of cancellation
 n - a potion of invisibility
 q - 3 potions of curing
 w - 2 potions of ambrosia {unknown}
 I - a potion of might


   Skills:
 + Level 7.2(3.0) Fighting
 * Level 14.4(9.5) Axes
 + Level 4.2(0.3) Throwing
 + Level 8.0(3.8) Armour
 + Level 6.7(2.6) Shields


You had 9 spell levels left.
You didn't know any spells.
Your spell library contained the following spells:

 Spells                   Type           Power        Failure   Level
 Animate Skeleton         Necr           #.....       100%        1
 Apportation              Tloc           #.....       100%        1
 Corona                   Hex            #......      100%        1
 Foxfire                  Conj/Fire      #...         100%        1
 Summon Small Mammal      Summ           #...         100%        1
 Conjure Flame            Conj/Fire      #.......     100%        3
 Inner Flame              Hex/Fire       #.......     100%        3
 Sticky Flame             Conj/Fire      #.......     100%        4
 Fireball                 Conj/Fire      #.........   100%        5


Dungeon Overview and Level Annotations

Branches:
Dungeon (9/15)             Temple (1/1) D:7            Lair (1/6) D:9
    Orc: D:9-12

Altars:
Ashenzari
Cheibriados
Dithmenos
Elyvilon
Fedhas
Gozag
Hepliaklqana
Kikubaaqudgha
Makhleb
Nemelex Xobeh
Okawaru
Qazlal
Ru
Sif Muna
Trog
Uskayaw
Vehumet
Wu Jian
Xom
Yredelemnul
Zin
The Shining One
Beogh

Annotations:
D:4 3 runed translucent doors, hemabe71's ghost, amateur HuAr
Lair:1 Sonja


Message History

You partially resist.
You feel drained. You block Sonja's attack.
You completely miss Sonja.
Sonja is severely wounded.
You slash the basilisk!
You feel sick. You block the basilisk's attack.
Sonja hits you but does no damage. You partially resist.
You feel drained. You block Sonja's attack. Sonja hits you but does no damage.
You partially resist.
You feel drained.
You closely miss Sonja.
Sonja is severely wounded.
You miss the basilisk.
You feel sick. Sonja hits you but does no damage. You partially resist.
You feel drained.
Sonja hits you with a +2 short sword of draining.
* * * LOW HITPOINT WARNING * * *
You partially resist.
You feel drained. You block Sonja's attack. The basilisk bites you!
* * * LOW HITPOINT WARNING * * *
Sonja hits you but does no damage. You partially resist.
You feel drained. You block Sonja's attack.
Sonja hits you with a +2 short sword of draining.
You die...

#.. >. .# #....#.#
.!. #.##...# ..# .
#.##...### #..
..###.#.......#
...
.........###.###.#
#†.#.#...###.#.#
#.<##...###.#l#
##.........((@#
##.#...P#.#K##
..............
################


You could see a basilisk and Sonja.

Vanquished Creatures
  2 two-headed ogres (D:8)
  Joseph (D:9)
  Maggie (D:9)
  Prince Ribbit (D:9)
  A water moccasin (D:9)
  2 sky beasts (D:7)
  An ice beast (D:8)
  2 orc warriors
  4 black bears
  2 phantoms
  3 ogres
  A big kobold (D:8)
  4 centaurs
  8 bullfrogs
  A gnoll sergeant (D:8)
  A wyvern zombie (D:6)
  3 scorpions
  9 killer bees
  3 howler monkeys
  A jelly (D:8)
  3 hounds
  2 orc priests
  2 iguanas
  An orc wizard (D:4)
  A bullfrog skeleton (D:7)
  Ijyb (D:5)
  7 worker ants
  2 hound zombies
  A hound skeleton (D:4)
  3 gnolls (D:8)
  11 adders
  2 shadow imps (D:5)
  2 white imps
  5 oozes
  4 ufetubi
  An adder skeleton (D:4)
  4 worms
  4 dart slugs
  8 leopard geckos
  25 orcs
  11 bats
  8 giant cockroaches
  12 goblins
  11 hobgoblins
  8 jackals
  5 quokkas
  4 ball pythons
  2 frilled lizards
  5 kobolds
  13 rats
219 creatures vanquished.

Vanquished Creatures (others)
  36 fungi
  46 plants
82 creatures vanquished.

Grand Total: 301 creatures vanquished

Notes
Turn   | Place    | Note
-------+----------+-------------------------------------------
     0 | D:1      | LabCoat the Hill Orc Fighter began the quest for the Orb.
     0 | D:1      | Reached XP level 1. HP: 19/19 MP: 1/1
    78 | D:1      | Reached XP level 2. HP: 27/27 MP: 2/2
    98 | D:1      | Reached skill level 3 in Axes
   374 | D:1      | Reached XP level 3. HP: 33/33 MP: 3/3
   695 | D:1      | Reached skill level 4 in Axes
  1208 | D:2      | Reached XP level 4. HP: 37/40 MP: 4/4
  1825 | D:2      | Reached skill level 5 in Axes
  2108 | D:3      | Reached XP level 5. HP: 46/46 MP: 5/5
  3168 | D:4      | Reached skill level 6 in Axes
  3171 | D:4      | Reached XP level 6. HP: 53/53 MP: 6/6
  3587 | D:4      | Found a runed translucent gate.
  3589 | D:4      | Found a runed translucent gate.
  3589 | D:4      | Found a runed translucent gate.
  3590 | D:4      | Noticed hemabe71's ghost (amateur HuAr)
  3592 | D:4      | Identified the cursed +3 hunting sling "Xoka" {flame, SInv}
  3593 | D:4      | Found a roughly hewn altar of Beogh.
  3653 | D:4      | Found a snail-covered altar of Cheibriados.
  3684 | D:4      | Reached skill level 7 in Axes
  3868 | D:5      | Entered Level 5 of the Dungeon
  3898 | D:5      | Reached XP level 7. HP: 59/60 MP: 7/7
  3977 | D:5      | Reached skill level 8 in Axes
  4284 | D:5      | Reached skill level 1 in Throwing
  4792 | D:5      | Reached skill level 9 in Axes
  4957 | D:5      | Noticed Ijyb
  4967 | D:5      | Killed Ijyb
  5085 | D:6      | Reached XP level 8. HP: 67/67 MP: 8/8
  5221 | D:5      | Found a shadowy altar of Dithmenos.
  5555 | D:6      | Reached skill level 5 in Armour
  5641 | D:6      | Reached skill level 5 in Fighting
  5841 | D:6      | Reached skill level 10 in Axes
  5841 | D:6      | Reached skill level 5 in Shields
  6623 | D:7      | Found a broken altar of Ashenzari.
  6727 | D:7      | Found a burning altar of Makhleb.
  6727 | D:7      | Noticed a balrug
  6860 | D:7      | Reached XP level 9. HP: 42/74 MP: 9/9
  7016 | D:7      | Reached skill level 11 in Axes
  7016 | D:7      | Found a staircase to the Ecumenical Temple.
  7092 | D:8      | Noticed a two-headed ogre
  7303 | Temple   | Entered the Ecumenical Temple
  7326 | Temple   | Became a worshipper of Trog the Wrathful
  7410 | D:8      | Killed a two-headed ogre
  7646 | D:8      | Noticed a two-headed ogre
  7650 | D:8      | Found an ornate altar of the Wu Jian Council.
  7655 | D:8      | Killed a two-headed ogre
  7656 | D:8      | Reached skill level 12 in Axes
  7723 | D:8      | Reached XP level 10. HP: 75/83 MP: 10/10
  7724 | D:8      | Found a glowing golden altar of the Shining One.
  7727 | D:8      | Found an iron altar of Okawaru.
  7932 | D:8      | Reached skill level 13 in Axes
  8316 | D:8      | Reached * piety under Trog
  8387 | D:8      | Found a shimmering blue altar of Sif Muna.
  8971 | D:9      | Noticed Maggie
  8973 | D:9      | Noticed Prince Ribbit
  8987 | D:9      | Killed Maggie
  9002 | D:9      | Killed Prince Ribbit
  9370 | D:9      | Reached skill level 14 in Axes
  9568 | D:9      | Noticed Joseph
  9578 | D:9      | Reached ** piety under Trog
  9585 | D:9      | Killed Joseph
  9766 | D:9      | Found a shimmering altar of Xom.
  9837 | D:9      | Found an opulent altar of Gozag.
  9857 | D:9      | Found a staircase to the Lair.
  9922 | D:9      | Found a stormy altar of Qazlal.
 10009 | D:9      | Found a sacrificial altar of Ru.
 10046 | Lair:1   | Entered Level 1 of the Lair of Beasts
 10060 | Lair:1   | Noticed Sonja
 10077 | Lair:1   | HP: 1/129 [basilisk (13)]
 10077 | Lair:1   | Slain by Sonja

Illustrated notes

Levels and vault maps discovered:
D:1:      psy_arrival_wood_between_worlds, layout_loops_corners,
          serial_bayou_crossing
D:2:      layout_basic
D:3:      layout_basic, serial_corexii_hall, corexii_hall_statues_x,
          chequers_hall_statues_y, corexii_hall_statues_i,
          corexii_hall_statues_i, small_statue_intersection
D:4:      layout_basic, kennysheep_slug_shrine, biasface_ghost_orc_armoury,
          minmay_cut_off
D:5:      layout_basic, nicolae_overflow_hidden_temple, uniq_ijyb
D:6:      layout_loops_ring
D:7:      layout_basic, kennysheep_mini_moat, minmay_temple_entry_mini_moons,
          basic_altar, makhleb_altar_promises_db
D:8:      layout_basic, nicolae_overflow_crystal_walls,
          gammafunk_temple_overflow_forgotten, hangedman_decor_clover_reticule
D:9:      layout_cross, marbit_many_paths, general_overflow_altar,
          nicolae_qazlal_style_of_elements, due_lair_maze_entry_diamond,
          nicolae_ru_the_path_less_chosen, uniq_maggie, uniq_joseph,
          uniq_prince_ribbit1
Temple:   nicolae_temple_hex_pool
Lair:1:   layout_loops_ring, uniq_sonja

Skill      XL: |  1  2  3  4  5  6  7  8  9 10 |
---------------+-------------------------------+-----
Axes           | 3 4 5 6 7 9 10 12 14 | 14.4
Fighting       | 4 5 6 7 |  7.2
Shields        | 4 5 6 |  6.7
Armour         | 4 5 7 8 |  8.0
Throwing       | 1 2 3 4 |  4.2

Action                   |  1- 3 |  4- 6 |  7- 9 | 10-12 || total
-------------------------+-------+-------+-------+-------++-------
Melee: War axe           |   118 |   224 |   202 |   263 ||   807
Throw: Dart              |       |     5 |    14 |       ||    19
       Javelin           |       |     7 |    67 |    10 ||    84
Invok: Berserk           |       |       |       |     5 ||     5
  Use: Scroll            |     7 |     4 |     3 |     8 ||    22
       Potion            |     1 |       |     2 |     2 ||     5
 Stab: Invisible         |       |       |       |     2 ||     2
Armor: Chain mail        |    68 |    87 |       |       ||   155
       Plate armour      |       |    54 |   107 |   172 ||   333
Dodge: Dodged            |    26 |    36 |    30 |    62 ||   154
Block: Kite shield       |    56 |   117 |    80 |   175 ||   428

Table legend: (Time is in decaauts)
 A = Elapsed time spent in this place.
 B = Non-inter-level travel time spent in this place.
 C = Inter-level travel time spent in this place.
 D = Time resting spent in this place.
 E = Time spent auto-exploring this place.
 F = Levels seen in this place.
 G = Mean time per level.
                   A        B        C        D        E       F      G
               +--------+--------+--------+--------+--------+-----+--------+
         Total |  10268 |   9870 |    398 |   2118 |   5825 |  11 |  933.5 |
       Dungeon |  10162 |   9773 |    389 |   2118 |   5764 |   9 | 1129.1 |
        Temple |     70 |     61 |      9 |      0 |     53 |   1 |   70.0 |
          Lair |     35 |     35 |      0 |      0 |      8 |   1 |   35.0 |
               +--------+--------+--------+--------+--------+-----+--------+

Top non-repeatable levels by time:
     D:8: 1568 daAuts
     D:5: 1459 daAuts
     D:7: 1246 daAuts
     D:3: 1241 daAuts
     D:9: 1100 daAuts
     D:1: 1097 daAuts
     D:2: 935 daAuts
     D:6: 790 daAuts
     D:4: 721 daAuts
  Temple: 70 daAuts
  Lair:1: 35 daAuts
